 Dungeon Crawl Stone Soup version 0.30-a0-159-g068b764562 (webtiles) character file.

Game seed: 920276470692607108

11273 ryw the Cleaver (level 11, -3/87 HPs)
             Began as a Demonspawn Monk on Sept 27, 2022.
             Was a High Priest of Okawaru.
             Slain by a two-headed ogre
             ... wielding a +0 giant club
              (15 damage)
             ... on level 11 of the Dungeon.
             The game lasted 00:23:30 (12109 turns).

ryw the Cleaver (Demonspawn Monk)                  Turns: 12109, Time: 00:23:31

Health: -3/87      AC: 18    Str: 15    XL:     11   Next: 47%
Magic:  23/23      EV: 10    Int: 12    God:    Okawaru [*****.]
Gold:   310        SH:  0    Dex: 14    Spells: 10/10 levels left

rFire   x . .      SeeInvis +    a - +6 war axe "Ybadah" {vorpal, rF- Will+++ Dex-2 Stlth+}
rCold   . . .      Faith    .    (no shield)
rNeg    + . .      Spirit   .    B - +5 scale mail "Ugeduem" {rElec Will+ MP+9}
rPois   .          Reflect  .    (no helmet)
rElec   +          Harm     .    E - +0 cloak
rCorr   .          Rampage  .    (gloves unavailable)
Will    ++++.                    p - +2 pair of boots
Stlth   ++........               (no amulet)
HPRegen 0.24/turn                n - +4 ring of slaying
MPRegen 0.36/turn                F - ring of Luixkedaig {rN+ SInv}

@: no status effects
A: ignite blood 2, magic regeneration, sharp scales 1, demonic touch 3
a: Renounce Religion, Heroism, Finesse, Duel


You were on level 11 of the Dungeon.
You worshipped Okawaru.
Okawaru was extremely pleased with you.
You visited 1 branch of the dungeon, and saw 11 of its levels.

You collected 562 gold pieces.
You spent 252 gold pieces at shops.

Inventory:

Hand Weapons
 a - the +6 war axe "Ybadah" (weapon) {vorpal, rF- Will+++ Dex-2 Stlth+}
   (Okawaru gifted it to you on level 9 of the Dungeon)

   It inflicts extra damage upon your enemies.
   Dex:       It affects your dexterity (-2).
   rF:        It makes you vulnerable to fire.
   Will:      It greatly increases your willpower.
   Stlth:     It makes you more stealthy.
 b - the +4 arbalest "Cinupy" {freeze, rF++ rC++}
   (Okawaru gifted it to you on level 9 of the Dungeon)

   Any ammunition fired from it freezes those it strikes, dealing additional
   cold damage.
   It can also slow down cold-blooded creatures.
   rF:        It greatly protects you from fire.
   rC:        It greatly protects you from cold.
 u - a +0 sling
 w - a +4 hand axe of venom
 D - a +4 war axe of electrocution
 J - the +11 rapier of the Stork {elec, rC+ MP-9 Str+2 Dex+4}
   (You found it on level 11 of the Dungeon)

   It occasionally discharges a powerful burst of electricity upon striking a
   foe.
   Str:       It affects your strength (+2).
   Dex:       It affects your dexterity (+4).
   rC:        It protects you from cold.
   MP:        It affects your magic capacity (-9).
Missiles
 c - 3 throwing nets
 d - 124 stones
 o - 25 poisoned darts
Armour
 g - a scarf of invisibility
 p - a +2 pair of boots (worn)
 B - the +5 scale mail "Ugeduem" (worn) {rElec Will+ MP+9}
   (You bought it in a shop on level 9 of the Dungeon)

   rElec:     It insulates you from electricity.
   MP:        It affects your magic capacity (+9).
   Will:      It increases your willpower.
 E - a +0 cloak (worn)
Jewellery
 n - a +4 ring of slaying (left hand)
 v - an amulet of reflection
 F - the ring of Luixkedaig (right hand) {rN+ SInv}
   (You found it on level 7 of the Dungeon)

   [ring of see invisible]

   rN:        It protects you from negative energy.
   SInv:      It lets you see invisible.
Wands
 j - a wand of acid (21) (quivered)
 r - a wand of mindburst (11)
 y - a wand of polymorph (8)
 H - a wand of flame (11)
Scrolls
 h - 3 scrolls of identify
 i - 7 scrolls of teleportation
 m - 2 scrolls of magic mapping
 C - a scroll of enchant weapon
 G - a scroll of fear {unknown}
 I - 2 scrolls of brand weapon
Potions
 e - 2 potions of heal wounds
 f - 2 potions of curing
 k - 2 potions of ambrosia
 l - a potion of attraction
 q - 5 potions of degeneration
 s - a potion of haste {unknown}
 t - 2 potions of flight
 x - a potion of cancellation
 z - a potion of resistance
 A - a potion of lignification


   Skills:
 + Level 8.7 Fighting
 + Level 0.5 Short Blades
 - Level 11.0 Axes
 + Level 6.3 Ranged Weapons
 + Level 7.4 Armour
 - Level 2.6 Dodging
 - Level 1.7 Stealth
 - Level 2.6 Unarmed Combat
 - Level 4.0 Invocations


You had 10 spell levels left.
You didn't know any spells.
Your spell library contained the following spells:

 Spells                   Type           Power      Damage    Failure   Level
 Necrotise                Necr           0%         1d4       73%         1
 Blink                    Tloc           0%         N/A       86%         2
 Cigotuvi's Dreadful Rot  Necr/Pois/Air  0%         N/A       86%         2
 Poisonous Vapours        Pois/Air       0%         N/A       86%         2
 Sublimation of Blood     Necr           0%         N/A       86%         2
 Wereblood                Tmut           0%         N/A       86%         2
 Vampiric Draining        Necr           0%         2d6       97%         3
 Manifold Assault         Tloc           0%         N/A       100%        4
 Agony                    Necr           0%         N/A       100%        5
 Arcjolt                  Conj/Air       0%         1d10      100%        5
 Iskenderun's Battlesphe  Conj           0%         2d6       100%        5
 Iron Shot                Conj/Erth      0%         9d1       100%        6
 Storm Form               Tmut/Air       0%         N/A       100%        7
 Spellforged Servitor     Conj/Summ      Unusable   N/A       N/A         7
 Summon Hydra             Summ           Unusable   N/A       N/A         7

Dungeon Overview and Level Annotations

Branches:
Dungeon (11/15)            Temple (0/1) D:6            Lair (0/5) D:9
    Orc (0/2) D:10

Altars:
Ashenzari
Cheibriados
Hepliaklqana
Kikubaaqudgha
Nemelex Xobeh
Okawaru
Qazlal

Shops:
D:2 :   D:6 [*=   D:9 [   D:11 [

Annotations:
D:5 1 runed translucent door, Crazy Yiuf


Innate Abilities, Weirdness & Mutations

Your demonic aura often causes spilled blood to erupt in flames.
You regenerate magic rapidly.
You are partially covered in razor-sharp scales. (AC +1, Slay +1)
Your touch may irresistibly damage your foes and sap their willpower.


Message History

You slash the acid dragon!
The acid dragon is severely wounded.
The acid dragon spits acid at you. The splash of acid misses you.
You hit the acid dragon but do no damage.
The acid dragon is severely wounded.
The acid dragon bites you. The acid dragon claws you.
You slice the acid dragon!!
You kill the acid dragon!
Okawaru accepts your kill.
No target in view!
A two-headed ogre is nearby!
Found Kuusei's Armour Emporium.
The two-headed ogre misses you.
The two-headed ogre hits you with a +0 giant club!
There is an open door, spattered with blood here.
You slash the two-headed ogre!
The two-headed ogre is moderately wounded.
The two-headed ogre hits you with a +0 giant club!!
The two-headed ogre hits you with a +0 giant club!
You are too injured to fight recklessly!
Unknown command.
The two-headed ogre is engulfed in blazing flames.
There is a stone staircase leading up here.
You are too injured to fight recklessly!
You are too injured to fight recklessly!
Unknown command.
You are too injured to fight recklessly!
You barely miss the two-headed ogre.
The two-headed ogre is heavily wounded.
The two-headed ogre hits you with a +0 giant club.
The two-headed ogre hits you with a +0 giant club!
* * * LOW HITPOINT WARNING * * *
Unknown command.
You slash the two-headed ogre! Your touch misses the two-headed ogre.
The two-headed ogre is severely wounded.
The two-headed ogre is engulfed in blazing flames.
The two-headed ogre hits you with a +0 giant club!
* * * LOW HITPOINT WARNING * * *
The two-headed ogre hits you with a +0 giant club!
You die...

##'#### .# .......
#######.### ###+###
....... #.........#
#......
.......###.........#
#......
.......#...........#
#......
....[..'.#.........#.
+......
.......###.<.........
#...... .......
#..O......# ###†###
....... #...@☼....#
#.... ..#####
####.###### ####. .
#....# ## #####'####
########
#........###.......
#........#.'.......
#........#.#.......
#........#.#.......
#........'.#.......


You could see a two-headed ogre.

Vanquished Creatures
  Erolcha (D:9)
  A two-headed ogre (D:6)
  A deep elf pyromancer (D:7)
  An orc knight (D:9)
  2 unseen horrors (D:10)
  A kobold demonologist (D:10)
  A komodo dragon (D:11)
  A troll (D:10)
  A slime creature (D:7)
  19 yaks
  4 steam dragons
  3 acid dragons
  A water moccasin (D:3)
  7 orc warriors
  A sky beast (D:7)
  An ice beast (D:6)
  An ogre (D:6)
  6 centaurs
  4 bullfrogs
  3 kobold brigands
  2 necrophages
  3 scorpions
  8 wights
  12 killer bees
  An electric eel (D:6)
  4 howler monkeys
  3 hounds
  A jelly (D:7)
  5 orc priests
  4 iguanas
  Natasha (D:4)
  7 orc wizards
  3 gnolls
  12 adders
  4 shadow imps
  3 worms
  A dart slug (D:1)
  48 orcs
  7 ball pythons
  5 endoplasms
  6 hobgoblins
  5 jackals
  A quokka (D:3)
  6 bats
  2 frilled lizards
  8 goblins
  22 kobolds
  4 rats
248 creatures vanquished.

Vanquished Creatures (others)
  2 fungi (D:9)
2 creatures vanquished.

Grand Total: 250 creatures vanquished

Notes
Turn   | Place    | Note
-------+----------+-------------------------------------------
     0 | D:1      | ryw the Demonspawn Monk began the quest for the Orb.
     0 | D:1      | Reached XP level 1. HP: 18/18 MP: 1/1
     2 | D:1      | Noticed a demigod
     2 | D:1      | Noticed a human
     4 | D:1      | Noticed an octopode
     4 | D:1      | Noticed a vine stalker
     6 | D:1      | Noticed a spriggan
     6 | D:1      | Noticed a demonspawn
     8 | D:1      | Noticed a minotaur
     8 | D:1      | Noticed a troll
    10 | D:1      | Noticed a merfolk
    10 | D:1      | Noticed a naga
    12 | D:1      | Noticed a palentonga
    14 | D:1      | Noticed a felid
    16 | D:1      | Noticed a gargoyle
    16 | D:1      | Noticed an elf
    18 | D:1      | Noticed an ogre
    18 | D:1      | Noticed a meteoran
    20 | D:1      | Noticed a tengu
    20 | D:1      | Noticed a formicid
    22 | D:1      | Noticed a vampire
    24 | D:1      | Noticed a ghoul
    24 | D:1      | Noticed a vine stalker
    26 | D:1      | Noticed a tengu
    72 | D:1      | Found a faded altar of an unknown god.
   477 | D:1      | Gained mutation: Your touch may inflict minor irresistible
                  | damage on your foes. [demonic ancestry]
   477 | D:1      | Reached XP level 2. HP: 24/24 MP: 2/2
   478 | D:1      | Reached skill level 1 in Axes
  1021 | D:1      | Reached skill level 2 in Axes
  1021 | D:1      | Gained mutation: Your touch may inflict irresistible damage
                  | on your foes. [demonic ancestry]
  1021 | D:1      | Reached XP level 3. HP: 21/29 MP: 3/3
  1177 | D:2      | Found Biaj's Book Shop.
  1548 | D:2      | Reached skill level 3 in Axes
  1856 | D:2      | Gained mutation: Your demonic aura sometimes causes spilled
                  | blood to erupt in flames. [demonic ancestry]
  1856 | D:2      | Reached XP level 4. HP: 35/35 MP: 4/4
  2425 | D:3      | Noticed a water moccasin
  2436 | D:3      | Killed a water moccasin
  2437 | D:3      | Reached skill level 4 in Axes
  2437 | D:3      | Reached skill level 1 in Armour
  2437 | D:3      | Gained mutation: Your demonic aura often causes spilled
                  | blood to erupt in flames. [demonic ancestry]
  2437 | D:3      | Reached XP level 5. HP: 27/42 MP: 5/5
  3172 | D:4      | Reached XP level 6. HP: 15/48 MP: 6/6
  3474 | D:4      | Found a broken altar of Ashenzari.
  3479 | D:4      | Found a snail-covered altar of Cheibriados.
  3520 | D:4      | Found a stormy altar of Qazlal.
  3529 | D:4      | Found a hazy altar of Hepliaklqana.
  3531 | D:4      | Found an iron altar of Okawaru.
  3534 | D:4      | Found a sparkling altar of Nemelex Xobeh.
  3541 | D:4      | Became a worshipper of Warmaster Okawaru
  3541 | D:4      | Reached * piety under Okawaru
  3541 | D:4      | Reached ** piety under Okawaru
  3588 | D:4      | Noticed a steam dragon
  3594 | D:4      | Killed a steam dragon
  3595 | D:4      | Reached skill level 5 in Axes
  3699 | D:4      | Noticed Natasha
  3708 | D:4      | Killed Natasha
  3853 | D:4      | Gained mutation: You are partially covered in razor-sharp
                  | scales. (AC +1, Slay +1) [demonic ancestry]
  3853 | D:4      | Reached XP level 7. HP: 49/55 MP: 7/7
  4033 | D:4      | You fall into a shaft and drop 1 floor!
  4033 | D:5      | Entered Level 5 of the Dungeon
  4150 | D:5      | Found an ancient bone altar of Kikubaaqudgha.
  4348 | D:5      | Found a runed translucent door.
  4349 | D:5      | Noticed Crazy Yiuf
  4607 | D:5      | Reached skill level 1 in Invocations
  4872 | D:6      | Found Haufoitua's Armour Emporium.
  4873 | D:6      | Found Riofux's Assorted Antiques.
  4923 | D:6      | Found Qeupao's Jewellery Emporium.
  5220 | D:6      | Reached skill level 6 in Axes
  5223 | D:6      | Reached *** piety under Okawaru
  5224 | D:6      | Reached skill level 5 in Fighting
  5227 | D:6      | Gained mutation: Your touch may irresistibly damage your
                  | foes and sap their willpower. [demonic ancestry]
  5227 | D:6      | Reached XP level 8. HP: 37/61 MP: 8/10
  5234 | D:6      | Reached skill level 1 in Ranged Weapons
  5427 | D:6      | Noticed a two-headed ogre
  5454 | D:6      | Killed a two-headed ogre
  5454 | D:6      | Reached **** piety under Okawaru
  5455 | D:6      | Reached skill level 7 in Axes
  5464 | D:6      | Reached XP level 9. HP: 13/69 MP: 12/12
  6145 | D:6      | Found a staircase to the Ecumenical Temple.
  6819 | D:7      | Noticed a deep elf pyromancer
  6824 | D:7      | Killed a deep elf pyromancer
  6824 | D:7      | Reached ***** piety under Okawaru
  6825 | D:7      | Reached skill level 8 in Axes
  6825 | D:7      | Reached skill level 5 in Armour
  7342 | D:7      | Identified the ring of Luixkedaig {rN+ SInv}
  8045 | D:7      | Reached XP level 10. HP: 73/79 MP: 13/13
  8246 | D:7      | Reached skill level 9 in Axes
  9011 | D:9      | Noticed Erolcha
  9018 | D:9      | Killed Erolcha
  9018 | D:9      | Identified the +6 war axe "Ybadah" {vorpal, rF- Will+++
                  | Dex-2 Stlth+} (Okawaru gifted it to you on level 9 of the
                  | Dungeon)
  9018 | D:9      | Received a gift from Okawaru
  9098 | D:9      | Reached skill level 5 in Ranged Weapons
  9188 | D:9      | Found Ykuzurch's Antique Armour Boutique.
  9208 | D:9      | Bought a smoking scale mail for 252 gold pieces
  9208 | D:9      | Identified the +5 scale mail "Ugeduem" {rElec Will+ MP+9}
                  | (You bought it in a shop on level 9 of the Dungeon)
  9288 | D:9      | Reached skill level 10 in Axes
  9470 | D:9      | Found a staircase to the Lair.
  9674 | D:10     | Entered Level 10 of the Dungeon
  9771 | D:10     | Noticed an orc knight
  9781 | D:9      | Killed an orc knight
  9781 | D:9      | Identified the +4 arbalest "Cinupy" {freeze, rF++ rC++}
                  | (Okawaru gifted it to you on level 9 of the Dungeon)
  9781 | D:9      | Received a gift from Okawaru
 10130 | D:10     | Found a staircase to the Orcish Mines.
 10536 | D:10     | Gained mutation: You regenerate magic rapidly. [demonic
                  | ancestry]
 10536 | D:10     | Reached XP level 11. HP: 74/86 MP: 14/14
 10810 | D:10     | Noticed a soul eater
 10820 | D:10     | Reached ****** piety under Okawaru
 10820 | D:10     | Received a gift from Okawaru
 11976 | D:11     | Identified the +11 rapier of the Stork {elec, rC+ MP-9
                  | Str+2 Dex+4}
 12000 | D:11     | Reached skill level 11 in Axes
 12093 | D:11     | Noticed a two-headed ogre
 12099 | D:11     | Found Kuusei's Armour Emporium.
 12109 | D:11     | Slain by a two-headed ogre

Illustrated notes

Levels and vault maps discovered:
D:1:      kb_arrival_jail, layout_basic, ebering_ecumenical_altar_hall
D:2:      layout_basic, serial_shops, shop
D:3:      layout_basic, serial_corexii_hall, corexii_hall_statues_i,
          corexii_hall_statues_x
D:4:      layout_rooms, nicolae_overflow_hallway_of_the_gods, uniq_natasha
D:5:      layout_loops_corners, kennysheep_little_box, uniq_crazy_yiuf_cottage
D:6:      nicolae_BIG_FREAKIN_CUBE, layout_basic, minmay_temple_entry_poolview,
          nicolae_wooded_promenade, chequers_serial_rivers_large_b
D:7:      minmay_cornered_nines, layout_rooms, enter_bailey_5
D:8:      layout_cave_pools, minmay_holes
D:9:      layout_stronghold, grunt_lair_entry_orc_guard_hut, serial_shops, shop,
          eino_small_chamber_without_monster, uniq_erolcha
D:10:     layout_irregular_city, david_orc_5, serial_column_ruins,
          column_ruins_open_tiny, column_ruins_open_small, column_ruins_grid_1,
          column_ruins_grid_4, column_ruins_open_tiny_water
D:11:     layout_roguey, serial_shops, shop, gauntlet_entry_generic

Skill      XL: |  1  2  3  4  5  6  7  8  9 10 11 |
---------------+----------------------------------+-----
Axes           | 2 3 4 5 6 7 8 10 11 | 11.0
Armour         | 1 2 3 4 5 6 7 |  7.4
Fighting       | 4 5 7 8 |  8.7
Invocations    | 2 4 |  4.0
Ranged Weapons | 2 4 5 6 |  6.3
Short Blades   | |  0.5
Dodging        | |  2.6
Stealth        | |  1.7
Unarmed Combat | |  2.6

Action                   |  1- 3 |  4- 6 |  7- 9 | 10-12 || total
-------------------------+-------+-------+-------+-------++-------
Melee: Unarmed           |    11 |       |       |       ||    11
       Hand axe          |    45 |    56 |   144 |       ||   245
       Touch             |     9 |     7 |    37 |    28 ||    81
       Punch             |     1 |     1 |     2 |     3 ||     7
       War axe           |       |       |    14 |   159 ||   173
       Rapier            |       |       |       |     2 ||     2
 Fire: Sling             |       |     2 |       |       ||     2
       Arbalest          |       |       |       |     1 ||     1
Invok: Heroism           |       |     1 |       |       ||     1
  Use: Potion            |       |     1 |     2 |       ||     3
       Scroll            |       |       |    16 |     1 ||    17
 Stab: Sleeping          |     1 |       |       |     1 ||     2
Armor: Robe              |    10 |       |       |       ||    10
       Leather armour    |     2 |     3 |       |       ||     5
       Chain mail        |       |    27 |   113 |    34 ||   174
       Skin              |       |     1 |       |       ||     1
       Plate armour      |       |       |       |    32 ||    32
       Scale mail        |       |       |       |    52 ||    52
Dodge: Dodged            |    35 |    29 |    64 |    69 ||   197

Table legend: (Time is in decaauts)
 A = Elapsed time spent in this place.
 B = Non-inter-level travel time spent in this place.
 C = Inter-level travel time spent in this place.
 D = Time resting spent in this place.
 E = Time spent auto-exploring this place.
 F = Levels seen in this place.
 G = Mean time per level.
                   A        B        C        D        E       F      G
               +--------+--------+--------+--------+--------+-----+--------+
         Total |  12146 |  11817 |    329 |   2358 |   7950 |  11 | 1104.2 |
       Dungeon |  12146 |  11817 |    329 |   2358 |   7950 |  11 | 1104.2 |
               +--------+--------+--------+--------+--------+-----+--------+

Top non-repeatable levels by time:
     D:6: 1802 daAuts
     D:7: 1563 daAuts
     D:9: 1555 daAuts
    D:10: 1251 daAuts
     D:2: 1168 daAuts
     D:3: 1159 daAuts
     D:1: 1071 daAuts
     D:5: 820 daAuts
     D:4: 646 daAuts
    D:11: 582 daAuts
     D:8: 526 daAuts
